 Dungeon Crawl Stone Soup version 0.24-a0-520-g8fd06ad (webtiles) character file.

Game seed: 8761503133112455391

20850 CabbageHands the Severer (level 12, 0/97 HPs)
             Began as a Hill Orc Monk on July 26, 2019.
             Was a High Priest of Zin.
             Slain by a porcupine (5 damage)
             ... on level 1 of the Lair of Beasts.
             The game lasted 00:45:51 (12777 turns).

CabbageHands the Severer (Hill Orc Monk)           Turns: 12777, Time: 00:45:51

Health: 0/97       AC: 12    Str: 16    XL:     12   Next: 83%
Magic:  30/30      EV: 16    Int: 10    God:    Zin [*****.]
Gold:   671        SH:  8    Dex: 14    Spells: 11/11 levels left

rFire    + . .     SeeInvis .   L - +2 broad axe (elec)
rCold    . . .     Gourm    .   t - +3 buckler "Ojent" {Slay+2}
rNeg     + + .     Faith    .   i - +0 scale mail
rPois    +         Spirit   .   k - +0 helmet
rElec    .         Reflect  .   I - +2 cloak of Mirth {rPois rN++ MP+9 Str-2}
rCorr    .         Harm     .   (no gloves)
MR       .....                  (no boots)
Stlth    ..........             n - amulet of the acrobat
HPRegen  0.26/turn              E - ring of protection from fire
MPRegen  0.22/turn              N - +6 ring of evasion

@: no status effects
A: no striking features
a: Recite, Vitalisation, Imprison, Sanctuary, Donate Gold, Renounce Religion


You were on level 1 of the Lair of Beasts.
You worshipped Zin.
Zin was extremely pleased with you.
You were not hungry.

You visited 3 branches of the dungeon, and saw 14 of its levels.
You also visited: Bailey and Ice Cave.

You collected 745 gold pieces.
You donated 74 gold pieces to Zin.

Inventory:

Hand Weapons
 v - a +6 hand axe of electrocution
 L - a +2 broad axe of electrocution (weapon)
Missiles
 l - 66 poisoned darts (quivered)
 w - 6 javelins
 S - 5 atropa-tipped darts
Armour
 i - a +0 scale mail (worn)
 k - a +0 helmet (worn)
 t - the +3 buckler "Ojent" (worn) {Slay+2}
   (You found it on level 5 of the Dungeon)

   It affects your accuracy and damage with ranged weapons and melee attacks
   (+2).
 z - a +0 chain mail
 I - the +2 cloak of Mirth (worn) {rPois rN++ MP+9 Str-2}
   (You found it on level 6 of the Dungeon)

   It affects your strength (-2).
   It protects you from poison.
   It greatly protects you from negative energy.
   It affects your magic capacity (+9).
Jewellery
 d - an uncursed ring of ice
 e - an uncursed ring of flight
 n - an amulet of the acrobat (around neck)
 s - an uncursed ring of resist corrosion
 B - a +6 ring of strength
 E - a ring of protection from fire (left hand)
 N - a +6 ring of evasion (right hand)
 U - a +4 ring of strength
Wands
 b - a wand of acid (5)
 q - a wand of disintegration (7)
 y - a wand of flame (38)
 A - a wand of digging (6)
 O - a wand of iceblast (3)
 T - a wand of enslavement (8)
Scrolls
 a - a scroll of acquirement {unknown}
 f - 5 scrolls of teleportation
 h - 9 scrolls of remove curse
 j - 4 scrolls of immolation
 m - 7 scrolls of amnesia
 o - 3 scrolls of fear {unknown}
 r - 3 scrolls of enchant armour {unknown}
 H - 3 scrolls of blinking {unknown}
 K - a scroll of fog
Potions
 g - 4 potions of ambrosia
 u - 3 potions of haste
 x - a potion of resistance
 C - 2 potions of might {unknown}
 D - 2 potions of flight {unknown}
 F - 5 potions of curing
 G - 2 potions of brilliance {unknown}
 J - a potion of agility {unknown}
 P - a potion of mutation {unknown}
 Q - a potion of cancellation {unknown}
 R - a potion of heal wounds {unknown}
Miscellaneous
 M - a phantom mirror
Comestibles
 c - 27 rations


   Skills:
 * Level 6.7 Fighting
 - Level 19.1 Axes
 - Level 7.5 Armour
 - Level 2.4 Dodging
 - Level 1.5 Stealth
 - Level 5.5 Shields
 + Level 12.3 Invocations


You had 11 spell levels left.
You didn't know any spells.
Your spell library contained the following spells:

 Spells                   Type           Power        Failure   Level  Hunger
 Apportation              Tloc           #.....       75%         1    ##.....
 Beastly Appendage        Tmut           #.....       75%         1    ##.....
 Summon Butterflies       Summ           #.......     75%         1    ##.....
 Sticks to Snakes         Tmut           #.......     87%         2    ###....
 Lesser Beckoning         Tloc           #.........   98%         3    ####...
 Spider Form              Tmut/Pois      #.........   98%         3    ####...
 Tukima's Dance           Hex            #.......     98%         3    ####...
 Ice Form                 Ice/Tmut       #.......     100%        4    #####..
 Alistair's Intoxication  Tmut/Pois      #.......     100%        5    ######.
 Blade Hands              Tmut           #.........   100%        5    ######.
 Invisibility             Hex            #.......     100%        6    #######


Dungeon Overview and Level Annotations

Branches:
Dungeon (12/15)            Temple (1/1) D:6            Lair (1/6) D:10
    Orc (0/2) D:10

Altars:
Ashenzari
Cheibriados
Dithmenos
Elyvilon
Fedhas
Gozag
Hepliaklqana
Kikubaaqudgha
Nemelex Xobeh
Trog
Vehumet
Wu Jian
Yredelemnul
Zin
The Shining One

Shops:
D:9 }   D:10 %

Annotations:
D:10 2 transporters, exclusion: ice statue, chaoswolf's ghost, novice DsBe


Message History

Aiming: Corrosive Bolt
Press: ? - help, Shift-Dir - straight line, f/p - nine-headed hydra
Aim: a nine-headed hydra (severely wounded)
The bolt of acid hits the nine-headed hydra!
The nine-headed hydra is splashed with acid.
The acid corrodes the nine-headed hydra!
The nine-headed hydra is almost dead.
The nine-headed hydra bites you!
* * * LOW HITPOINT WARNING * * *
The nine-headed hydra completely misses you.
The nine-headed hydra closely misses you.
The nine-headed hydra bites you but does no damage. x2
The nine-headed hydra bites you.
* * * LOW HITPOINT WARNING * * *
The nine-headed hydra bites you!
* * * LOW HITPOINT WARNING * * *
The nine-headed hydra misses you. The nine-headed hydra bites you.
* * * LOW HITPOINT WARNING * * *
The porcupine bites you.
You die...

.............##
##........
####..##.....##
#...#....
....(.........#
#...+..#.
##.##........##
#...#.#.. ....#........#
#### .. ..
....#........####P#.####
##'##...................
.................r......
................@D......
###.##P#P###.#.######..#
######## #####


You could see a nine-headed hydra and a porcupine.

Vanquished Creatures
  Kirke (D:12)
  Fannar (D:10)
  A hydra (Lair:1)
  2 two-headed ogres
  A skeletal warrior (D:8)
  An unseen horror (D:11)
  2 cyclopes
  Joseph (D:7)
  A black mamba (Lair:1)
  3 spiny frogs (Lair:1)
  A kobold demonologist (D:8)
  A komodo dragon (D:11)
  A queen bee (D:11)
  3 trolls
  2 hornets
  2 hippogriffs (D:12)
  Sigmund (D:4)
  A wyvern (D:9)
  12 yaks
  3 hogs (D:12)
  2 basilisks (Lair:1)
  A steam dragon (D:12)
  2 hungry ghosts
  A porcupine (Lair:1)
  A water moccasin (Lair:1)
  4 orc warriors
  An eye of draining (D:8)
  10 ice beasts
  4 phantoms
  A black bear (D:10)
  4 ogres
  14 centaurs
  4 big kobolds
  A crocodile (Lair:1)
  6 bullfrogs
  A wyvern zombie (D:8)
  3 gnoll sergeants
  4 scorpions
  8 wights
  30 killer bees
  4 howler monkeys (D:7)
  4 crimson imps
  A jelly (D:10)
  3 bullfrog zombies
  A centaur zombie (D:6)
  9 hounds
  10 orc wizards
  2 bullfrog skeletons
  2 centaur skeletons
  4 orc priests
  Jessica (D:2)
  2 iguanas
  Terence (D:2)
  8 worker ants
  2 hound zombies
  3 hound skeletons
  A howler monkey zombie (D:5)
  13 adders
  13 gnolls
  A shadow imp (D:5)
  An ooze (D:4)
  3 worms
  A dart slug (D:2)
  6 leopard geckos
  40 orcs
  4 giant cockroaches
  9 goblins
  3 hobgoblins (D:1)
  7 jackals
  2 quokkas
  6 bats
  A frilled lizard (D:3)
  14 kobolds
  6 rats
331 creatures vanquished.

Vanquished Creatures (others)
  A plant (Lair:1)
1 creature vanquished.

Grand Total: 332 creatures vanquished

Notes
Turn   | Place    | Note
-------+----------+-------------------------------------------
     0 | D:1      | CabbageHands the Hill Orc Monk began the quest for the Orb.
     0 | D:1      | Reached XP level 1. HP: 19/19 MP: 1/1
    39 | D:1      | Reached XP level 2. HP: 21/26 MP: 2/2
    73 | D:1      | Reached skill level 1 in Armour
   866 | D:1      | Reached skill level 5 in Axes
  1006 | D:2      | Reached XP level 3. HP: 31/31 MP: 3/3
  1639 | D:3      | Noticed Terence
  1644 | D:3      | Noticed Jessica
  1662 | D:2      | Killed Jessica
  1662 | D:2      | Reached XP level 4. HP: 9/39 MP: 4/4
  1909 | D:2      | Killed Terence
  1909 | D:2      | Reached skill level 6 in Axes
  2552 | D:3      | Reached XP level 5. HP: 44/45 MP: 5/5
  3075 | D:3      | Found a sparkling altar of Nemelex Xobeh.
  3075 | D:3      | Found a white marble altar of Elyvilon.
  3080 | D:3      | Found a hazy altar of Hepliaklqana.
  3082 | D:3      | Found a snail-covered altar of Cheibriados.
  3085 | D:3      | Found a blossoming altar of Fedhas.
  3201 | D:3      | Reached skill level 7 in Axes
  3380 | D:4      | Reached XP level 6. HP: 48/51 MP: 6/6
  3609 | D:4      | Found a glowing golden altar of the Shining One.
  3741 | D:4      | Found a basalt altar of Yredelemnul.
  3895 | D:4      | Noticed a phantom
  3906 | D:4      | Killed a phantom
  3906 | D:4      | Reached skill level 8 in Axes
  4087 | D:4      | Noticed Sigmund
  4091 | D:4      | Killed Sigmund
  4091 | D:4      | Reached skill level 9 in Axes
  4091 | D:4      | Reached XP level 7. HP: 51/57 MP: 7/7
  4316 | D:5      | Entered Level 5 of the Dungeon
  4357 | D:5      | Reached skill level 5 in Armour
  4406 | D:5      | Reached skill level 10 in Axes
  4441 | D:5      | You fall into a shaft and drop 2 floors!
  4447 | D:7      | Reached XP level 8. HP: 64/64 MP: 8/8
  4737 | D:7      | Reached skill level 11 in Axes
  4800 | D:7      | Noticed Joseph
  4828 | D:7      | Killed Joseph
  4828 | D:7      | Reached skill level 12 in Axes
  4828 | D:7      | Reached XP level 9. HP: 43/70 MP: 9/9
  5282 | D:5      | Got a polished buckler
  5288 | D:5      | Identified the +3 buckler "Ojent" {Slay+2} (You found it on
                  | level 5 of the Dungeon)
  5996 | D:6      | Reached skill level 13 in Axes
  6220 | D:6      | Found a staircase to the Ecumenical Temple.
  6226 | Temple   | Entered the Ecumenical Temple
  6234 | Temple   | Became a worshipper of Zin the Law-Giver
  6234 | Temple   | Reached * piety under Zin
  6234 | Temple   | Reached ** piety under Zin
  6234 | Temple   | Reached *** piety under Zin
  6281 | D:6      | Got a heavily runed cloak
  6287 | D:6      | Identified the +2 cloak of Mirth {rPois rN++ MP+9 Str-2}
                  | (You found it on level 6 of the Dungeon)
  6532 | D:7      | Reached skill level 1 in Shields
  6535 | D:7      | Reached skill level 1 in Invocations
  6760 | D:7      | Found a radiant altar of Vehumet.
  6761 | D:7      | Found a bloodstained altar of Trog.
  6763 | D:7      | Found a shattered altar of Ashenzari.
  6853 | D:8      | Found an ancient bone altar of Kikubaaqudgha.
  6941 | D:8      | Noticed a kobold demonologist
  6941 | D:8      | Noticed a skeletal warrior
  6953 | D:8      | Killed a kobold demonologist
  7173 | D:8      | Noticed a cyclops
  7313 | D:8      | Reached **** piety under Zin
  7465 | D:8      | Killed a skeletal warrior
  7465 | D:8      | Reached skill level 5 in Shields
  7465 | D:8      | Reached XP level 10. HP: 52/77 MP: 13/13
  7582 | D:8      | Noticed a two-headed ogre
  7595 | D:8      | Killed a two-headed ogre
  7595 | D:8      | Reached skill level 14 in Axes
  7595 | D:8      | Reached skill level 5 in Invocations
  8104 | D:8      | Killed a cyclops
  8150 | D:9      | Found Tahyrch's Gadget Emporium.
  8175 | D:9      | Found a flagged portal.
  8184 | Bailey   | Entered a bailey
  8581 | D:9      | Reached skill level 15 in Axes
  8993 | D:10     | Entered Level 10 of the Dungeon
  8997 | D:10     | Found a transporter.
  9000 | D:10     | Noticed a moth of wrath
  9003 | D:10     | Noticed chaoswolf's ghost (novice DsBe)
  9055 | D:10     | Found a transporter.
  9141 | D:10     | Found Lifal's Food Shop.
  9163 | D:10     | Noticed an ice statue
  9358 | D:10     | Reached XP level 11. HP: 72/82 MP: 16/16
  9371 | D:10     | Found a staircase to the Lair.
  9408 | D:10     | Noticed Fannar
  9414 | D:10     | Found a staircase to the Orcish Mines.
  9427 | D:10     | Killed Fannar
  9427 | D:10     | Reached skill level 16 in Axes
 10108 | D:11     | Noticed a two-headed ogre
 10116 | D:11     | Killed a two-headed ogre
 10161 | D:11     | Noticed a cyclops
 10174 | D:11     | Killed a cyclops
 10237 | D:11     | Reached skill level 17 in Axes
 10244 | D:11     | Found a frozen archway.
 10386 | IceCv    | Entered an ice cave
 10614 | D:11     | Killed an unseen horror
 10614 | D:11     | Reached skill level 10 in Invocations
 10813 | D:11     | Reached ***** piety under Zin
 10841 | D:11     | Reached XP level 12. HP: 90/90 MP: 19/19
 10900 | D:11     | Reached skill level 18 in Axes
 11454 | D:12     | Noticed Kirke
 11473 | D:12     | Killed Kirke
 11813 | D:12     | Reached skill level 19 in Axes
 12038 | Lair:1   | Entered Level 1 of the Lair of Beasts
 12304 | Lair:1   | Noticed a seven-headed hydra
 12314 | Lair:1   | Killed an 11-headed hydra
 12314 | Lair:1   | Reached skill level 5 in Fighting
 12764 | Lair:1   | Noticed a four-headed hydra
 12777 | Lair:1   | Slain by a porcupine

Levels and vault maps discovered:
D:1:      evilmike_arrival_hilbert_curve, layout_loops_ring, st_stairs_5,
          chequers_big_river, eino_curves_02
D:2:      layout_loops_ring
D:3:      layout_basic, chequers_temple_overflow_minitemple, first_ration,
          uniq_jessica, uniq_terence
D:4:      minmay_octagon_keep, layout_basic, yredelemnul_altar_generic,
          lemuel_doored_altar, uniq_sigmund
D:5:      layout_loops_ring, nicolae_overflow_hidden_temple
D:6:      layout_cave_pods, minmay_temple_entry_enclosed_plants
D:7:      layout_basic, minitemple, uniq_joseph
D:8:      minmay_cut_squares, layout_loops_ring, kiku_gazebo_pond_becter
D:9:      layout_layer_cave, serial_shops, shop, enter_bailey_6
D:10:     cheibrodos_frozen_isle, layout_loops_ring, lair_entry_dummy,
          kennysheep_orc_monster_closet_entryway,
          gammafunk_ghost_berserking_beasts, serial_shops, kennysheep_mini_moat,
          uniq_fannar
D:11:     layout_loops_ring, portal_ice_cave_entry_ice_beasts, david_nohive_1
D:12:     layout_roguey, hex_large, uniq_kirke
Temple:   eino_wide_crystal_templ
Lair:1:   layout_chaotic_city

Skill      XL: |  1  2  3  4  5  6  7  8  9 10 11 12 |
---------------+-------------------------------------+-----
Armour         | 1 2 3 4 5 6 7 |  7.5
Axes           | 5 6 7 9 10 12 13 15 17 19 | 19.1
Shields        | 5 |  5.5
Invocations    | 4 7 10 12 | 12.3
Fighting       | 6 |  6.7
Dodging        | |  2.4
Stealth        | |  1.5

Action                   |  1- 3 |  4- 6 |  7- 9 | 10-12 || total
-------------------------+-------+-------+-------+-------++-------
Melee: Hand axe          |   111 |   123 |   235 |   403 ||   872
       Short sword       |       |     8 |       |       ||     8
       Broad axe         |       |       |       |   152 ||   152
Throw: Dart              |    13 |    16 |    11 |    20 ||    60
       Boomerang         |     2 |       |       |       ||     2
Invok: Recite            |       |       |     1 |     5 ||     6
       Vitalisation      |       |       |       |     3 ||     3
Evoke: Wand              |       |       |       |    16 ||    16
  Use: Scroll            |       |       |    12 |     7 ||    19
       Potion            |       |       |       |     1 ||     1
 Stab: Invisible         |       |       |       |     2 ||     2
  Eat: Chunk             |     2 |     8 |     7 |    15 ||    32
       Ration            |       |       |     1 |     1 ||     2
Armor: Robe              |    13 |       |       |       ||    13
       Scale mail        |    16 |    44 |    43 |    84 ||   187
Dodge: Dodged            |    78 |    55 |   118 |   263 ||   514
Block: Buckler           |       |       |    39 |   161 ||   200

Table legend:
 A = Non-vault XP
 B = Vault XP
 C = Vault XP percentage of total XP
 D = Non-vault monster count
 E = Vault monster count
 F = Vault count percentage of total count
                 A         B        C        D         E       F
            +---------+---------+-------+---------+---------+-------
      Total |   19716 |   10070 |  33.8 |     263 |      68 |  20.5
            +---------+---------+-------+---------+---------+-------
        D:1 |      28 |       4 |  12.5 |      16 |       2 |  11.1
        D:2 |      39 |      73 |  65.2 |      12 |       2 |  14.3
        D:3 |     148 |       0 |   0.0 |      23 |       0 |   0.0
        D:4 |     373 |     308 |  45.2 |      10 |       7 |  41.2
        D:5 |     559 |       0 |   0.0 |      15 |       0 |   0.0
        D:6 |     608 |       0 |   0.0 |      13 |       0 |   0.0
        D:7 |    1023 |     579 |  36.1 |      28 |       2 |   6.7
        D:8 |    1393 |    1789 |  56.2 |       9 |       5 |  35.7
        D:9 |    1490 |       0 |   0.0 |      21 |       0 |   0.0
       D:10 |    1849 |    2186 |  54.2 |      34 |      21 |  38.2
       D:11 |    4494 |    2343 |  34.3 |      36 |      25 |  41.0
       D:12 |    2843 |    2788 |  49.5 |      28 |       4 |  12.5
     Lair:1 |    4869 |       0 |   0.0 |      18 |       0 |   0.0
            +---------+---------+-------+---------+---------+-------
